 Dungeon Crawl Stone Soup version 0.20-b1-24-gb21faa7 (webtiles) character file.

90 SedStubbie the Ducker (level 4, 0/26 HPs)
             Began as a Kobold Arcane Marksman on May 25, 2017.
             Slain by a jackal (1 damage)
             ... on level 2 of the Dungeon.
             The game lasted 00:12:21 (2699 turns).

SedStubbie the Ducker (Kobold Arcane Marksman)      Turns: 2699, Time: 00:12:22

Health: 0/26       AC:  3    Str:  7    XL:     4   Next: 85%
Magic:  7/7        EV: 16    Int: 14    God:
Gold:   124        SH:  0    Dex: 16    Spells: 6/7 levels left

rFire    . . .     SeeInvis .   b - +0 dagger
rCold    . . .     Gourm    .   (shield restricted)
rNeg     . . .     Faith    .   e - +0 robe
rPois    .         Spirit   .   n - +0 helmet
rElec    .         Reflect  .   (no cloak)
rCorr    .         Harm     .   (no gloves)
MR       .....                  (no boots)
Stlth    +++.......             (no amulet)
Regen    0.1/turn               g - ring of stealth
MPRegen  0.1/turn               (no ring)

@: no status effects
A: carnivore 3
a: no special abilities


You were on level 2 of the Dungeon.
You were very full.

You visited 1 branch of the dungeon, and saw 3 of its levels.

You collected 124 gold pieces.

Inventory:

Hand Weapons
 a - a +0 hand crossbow
 b - a +0 dagger (weapon)
Armour
 e - a +0 robe (worn)
 n - a +0 helmet (worn)
Jewellery
 g - a ring of stealth (left hand)
Scrolls
 h - 2 scrolls of remove curse {unknown}
 i - 4 scrolls of identify {unknown}
 j - 2 scrolls of teleportation {unknown}
 l - 2 scrolls of amnesia {unknown}
 m - a scroll of enchant weapon {unknown}
Books
 c - a book of Debilitation

   Spells                             Type                      Level
   a - Corona                         Hexes                        1
   b - Slow                           Hexes                        2
   c - Inner Flame                    Hexes/Fire                   3
   d - Portal Projectile              Hexes/Translocation          3
   e - Cause Fear                     Hexes                        4
   f - Leda's Liquefaction            Hexes/Earth                  4
Comestibles
 f - 3 meat rations


   Skills:
 + Level 1.8 Fighting
 + Level 3.0 Crossbows
 + Level 3.6 Dodging
 + Level 2.2 Stealth
 + Level 2.0 Spellcasting
 - Level 3.2 Hexes


You had 6 spell levels left.
You knew the following spells:

 Your Spells              Type           Power        Failure   Level  Hunger
a - Corona                Hex            ##.....      6%          1    ##.....


Dungeon Overview and Level Annotations

Branches:
Dungeon (3/15)

Altars:


Innate Abilities, Weirdness & Mutations

You are small and have problems with some larger weapons.
You are carnivorous and can eat meat at any time.


Message History

The jackal is almost dead.
The jackal bites you.
* * * LOW HITPOINT WARNING * * *
The jackal closely misses you.
The jackal bites you but does no damage.
The jackal misses you. The jackal closely misses you. The jackal misses you.
You completely miss the jackal.
The jackal is almost dead.
The jackal barely misses you. The jackal closely misses you.
The jackal barely misses you.
The jackal bites you but does no damage.
The jackal closely misses you.
You hit the jackal.
You kill the jackal!
The jackal bites you.
* * * LOW HITPOINT WARNING * * *
The jackal bites you.
* * * LOW HITPOINT WARNING * * *
The jackal misses you. The jackal bites you.
You die...

########## #.....h..#
#....@†..# #....hh..#
#........### #####
###........####...####
#...................
#.........###...####
#..............#####
###.######.#..#####..
#...# #.#.....##.#


You could see 3 jackals.

Vanquished Creatures
  A dart slug (D:1)
  5 leopard geckos
  9 orcs (D:3)
  2 giant cockroaches (D:1)
  6 goblins
  7 hobgoblins
  11 jackals
  A quokka (D:3)
  2 ball pythons
  5 bats
  2 frilled lizards (D:2)
  4 kobolds
  13 rats
68 creatures vanquished.

Notes
Turn   | Place    | Note
-------+----------+-------------------------------------------
     0 | D:1      | SedStubbie the Kobold Arcane Marksman began the quest for the Orb.
     0 | D:1      | Reached XP level 1. HP: 12/12 MP: 2/2
   101 | D:1      | Reached XP level 2. HP: 14/16 MP: 3/3
   104 | D:1      | Reached skill level 1 in Stealth
   630 | D:1      | Reached XP level 3. HP: 17/20 MP: 5/5
  1415 | D:2      | Reached XP level 4. HP: 25/25 MP: 6/6
  2510 | D:3      | HP: 1/26 [worm (7)]
  2699 | D:2      | HP: 1/26 [jackal (1)]
  2699 | D:2      | Slain by a jackal

Skill      XL: |  1  2  3  4 |
---------------+-------------+-----
Stealth        | 1 2 |  2.2
Dodging        | 3 |  3.6
Spellcasting   | 2 |  2.0
Crossbows      | 3 |  3.0
Fighting       | |  1.8
Hexes          | |  3.2

Action                   |  1- 3 |  4- 6 || total
-------------------------+-------+-------++-------
Melee: Dagger            |       |   127 ||   127
 Fire: Hand crossbow     |    93 |    35 ||   128
 Cast: Corona            |       |     2 ||     2
  Use: Potion            |       |     1 ||     1
 Stab: Sleeping          |       |     3 ||     3
  Eat: Chunk             |    10 |     2 ||    12
Armor: Robe              |     3 |    20 ||    23
       Skin              |       |    52 ||    52
Dodge: Dodged            |    39 |   134 ||   173
